 Dungeon Crawl Stone Soup version 0.25.1-2-g60ff931df9 (webtiles) character file.

Game seed: 1533557785554396638

8642 sankara the Severer (level 11, -2/95 HPs)
             Began as a Hill Orc Fighter on Aug 30, 2020.
             Was a Priest of Makhleb.
             Slain by a death yak (22 damage)
             ... on level 2 of the Lair of Beasts.
             The game lasted 00:43:39 (8651 turns).

sankara the Severer (Hill Orc Fighter)              Turns: 8651, Time: 00:43:39

Health: -2/95      AC: 14    Str: 29    XL:     11   Next: 34%
Magic:  13/13      EV:  7    Int:  8    God:    Makhleb [***...]
Gold:   538        SH: 13    Dex: 10    Spells: 10/10 levels left

rFire    . . .     SeeInvis .   b - +1 war axe (holy)
rCold    . . .     Gourm    .   Q - +1 kite shield
rNeg     . . .     Faith    .   w - +0 chain mail
rPois    .         Spirit   .   N - +0 helmet
rElec    .         Reflect  .   L - +0 cloak
rCorr    .         Harm     .   (no gloves)
MR       +....                  (no boots)
Stlth    ..........             E - amulet of regeneration
HPRegen  0.65/turn              K - ring of protection from magic
MPRegen  0.13/turn              s - +6 ring of strength

@: lethally poisoned (-2 -> -2), berserk cooldown, slowed, studying Fighting,
very slow
A: no striking features
a: Minor Destruction, Lesser Servant of Makhleb, Renounce Religion


You were on level 2 of the Lair of Beasts.
You worshipped Makhleb.
Makhleb was most pleased with you.
You were hungry.

You visited 3 branches of the dungeon, and saw 11 of its levels.

You collected 538 gold pieces.

Inventory:

Hand Weapons
 a - a +2 hand axe of venom
 b - a +1 war axe of holy wrath (weapon)
 c - the +7 mace "Miofaffa" {drain, *Noise +Fly rPois MR+++}
   (You found it on level 5 of the Dungeon)

   A truly terrible weapon, it drains the life of those it strikes.
   It protects you from poison.
   It affects your resistance to hostile enchantments.
   It lets you fly.
   It may make noises in combat.
 r - a +0 hunting sling
 P - a +0 war axe
Missiles
 e - 85 sling bullets
 i - 8 boomerangs
 l - 406 stones
 D - 4 curare-tipped darts
 I - 2 javelins
 R - 23 poisoned darts (quivered)
 V - a throwing net
Armour
 w - a +0 chain mail (worn)
 y - a +0 leather armour of fire resistance
 L - a +0 cloak (worn)
 N - a +0 helmet (worn)
 Q - a +1 kite shield (worn)
Jewellery
 j - an uncursed ring of protection from cold
 o - an uncursed ring of protection from cold
 s - a +6 ring of strength (right hand)
 E - an amulet of regeneration (around neck)
 K - a ring of protection from magic (left hand)
Wands
 h - a wand of flame (20)
 J - a wand of polymorph (7)
 Z - a wand of random effects (10)
Scrolls
 n - 5 scrolls of fear
 p - 3 scrolls of blinking
 q - 8 scrolls of teleportation
 x - a scroll of magic mapping
 B - 2 scrolls of fog
 G - 3 scrolls of remove curse
Potions
 d - 2 potions of might
 k - a potion of stabbing {unknown}
 m - a potion of degeneration {unknown}
 u - a potion of berserk rage
 v - a potion of heal wounds {unknown}
 z - 2 potions of mutation {unknown}
 A - 2 potions of lignification {unknown}
 F - 3 potions of flight
 O - a potion of haste {unknown}
 S - a potion of ambrosia {unknown}
 W - a potion of cancellation {unknown}
 Y - a potion of magic {unknown}
Books
 C - a manual of Fighting
Comestibles
 f - 23 rations
 g - 9 chunks of flesh


   Skills:
 + Level 8.6 Fighting
 * Level 15.1 Axes
 + Level 9.4 Armour
 + Level 8.3 Shields
 + Level 3.2 Invocations


You had 10 spell levels left.
You didn't know any spells.
Your spell library contained the following spells:

 Spells                   Type           Power        Failure   Level  Hunger
 Recall                   Summ/Tloc      N/A          100%        3    ####...
 Animate Dead             Necr           N/A          100%        4    #####..
 Borgnjor's Vile Clutch   Necr/Erth      #.........   100%        5    ######.
 Death Channel            Necr           #.........   100%        6    #######
 Simulacrum               Ice/Necr       #.........   100%        6    #######


Dungeon Overview and Level Annotations

Branches:
Dungeon (8/15)             Temple (1/1) D:6            Lair (2/6) D:8
  Swamp: Lair:2-4    Shoals: Lair:2-4     Snake: Lair:2-4    Spider: Lair:2-4

Altars:
Ashenzari
Cheibriados
Dithmenos
Elyvilon
Fedhas
Gozag
Kikubaaqudgha
Makhleb
Nemelex Xobeh
Okawaru
Qazlal
Ru
Sif Muna
Trog
Uskayaw
Vehumet
Wu Jian
Xom
Yredelemnul
Zin
The Shining One

Annotations:
D:7 2 transporters, MisterFreud's ghost, novice FeBe


Message History

Your hellwing hits the death yak. x2
You slash the death yak!
The death yak is severely wounded.
You slash the death yak! The death yak gores you!!
* * * LOW HITPOINT WARNING * * *
Your neqoxec hits the death yak. The death yak gores your neqoxec!
Your hellwing hits the death yak. x2
Unknown command.
You strike the helpless death yak from behind!
You slice the death yak!!
You kill the death yak!
Makhleb accepts your kill.
You feel better.
You hit the death yak but do no damage. You hit the death yak.
You feel sick. The death yak gores you!
* * * LOW HITPOINT WARNING * * *
Your neqoxec closely misses the death yak.
The death yak gores you!
* * * LOW HITPOINT WARNING * * *
Your hellwing hits the death yak. x2; The death yak gores you!!
You die...

..## ####........
...P#####..<.......)
.......#.#.........)
............Y..Y....
#.####.n.######.....
##......## #....
#.......÷# ####
##.4Yn..÷.##
#..@Y......#
#...3Y..÷...#
#...........#
#............##
#.............#
#............##
###..#.#######
#####.


You could see 3 death yaks, 2 necrophages, a friendly hellwing (summoned) and a
friendly neqoxec (summoned).

Vanquished Creatures
  A death yak (Lair:2)
  A black mamba (Lair:1)
  3 spiny frogs (Lair:2)
  A komodo dragon (Lair:2)
  Prince Ribbit (D:5)
  5 hippogriffs
  5 yaks (Lair:1)
  A basilisk (Lair:1)
  A hungry ghost (D:7)
  Menkaure (D:6)
  7 water moccasins
  4 porcupines
  An orc warrior (D:7)
  2 sky beasts
  3 necrophages (Lair:2)
  4 ice beasts
  An ogre (D:4)
  A centaur (D:6)
  5 crocodiles
  A big kobold (D:8)
  5 bullfrogs
  2 water moccasin skeletons
  6 scorpions
  4 wights (D:7)
  3 howler monkeys
  2 crimson imps
  A bullfrog zombie (D:5)
  A bullfrog skeleton (D:7)
  A centaur skeleton (D:4)
  3 hounds
  Crazy Yiuf (D:5)
  6 orc wizards
  4 iguanas
  5 worker ants
  2 worker ant zombies
  6 adders
  A shadow imp (D:7)
  2 adder skeletons
  An adder zombie (D:4)
  A worm (D:3)
  A dart slug (D:4)
  3 leopard geckos
  37 orcs
  6 giant cockroaches
  8 hobgoblins
  12 jackals
  6 quokkas
  3 ball pythons
  8 bats
  6 frilled lizards
  8 goblins
  A jackal skeleton (D:4)
  5 kobolds
  A leopard gecko skeleton (D:5)
  A leopard gecko zombie (D:4)
  A quokka skeleton (D:5)
  7 rats
  3 fungi (D:5)
223 creatures vanquished.

Vanquished Creatures (others)
  A fungus (Lair:2)
  A plant (Lair:2)
2 creatures vanquished.

Grand Total: 225 creatures vanquished

Notes
Turn   | Place    | Note
-------+----------+-------------------------------------------
     0 | D:1      | sankara the Hill Orc Fighter began the quest for the Orb.
     0 | D:1      | Reached XP level 1. HP: 19/19 MP: 1/1
   121 | D:1      | Reached skill level 3 in Axes
   251 | D:1      | Reached XP level 2. HP: 26/27 MP: 2/2
   410 | D:1      | Reached skill level 4 in Axes
   456 | D:1      | Reached XP level 3. HP: 33/33 MP: 3/3
  1800 | D:3      | Reached XP level 4. HP: 41/41 MP: 4/4
  1804 | D:3      | Reached skill level 5 in Axes
  1882 | D:3      | Reached XP level 5. HP: 43/47 MP: 5/5
  1978 | D:3      | Reached skill level 6 in Axes
  1988 | D:3      | Reached skill level 5 in Fighting
  2531 | D:4      | Noticed an ogre
  2537 | D:4      | Killed an ogre
  2537 | D:4      | Reached XP level 6. HP: 49/56 MP: 6/6
  2612 | D:4      | Reached skill level 7 in Axes
  2635 | D:4      | Found a shadowy altar of Dithmenos.
  2913 | D:4      | Noticed a sky beast
  2935 | D:4      | Killed a sky beast
  2976 | D:4      | Reached skill level 8 in Axes
  2976 | D:4      | Reached XP level 7. HP: 61/61 MP: 7/7
  3195 | D:5      | Entered Level 5 of the Dungeon
  3507 | D:5      | Found a sacrificial altar of Ru.
  3527 | D:5      | Became a worshipper of Ru the Awakened
  3779 | D:5      | Reached skill level 5 in Armour
  3811 | D:5      | Reached skill level 9 in Axes
  3816 | D:5      | Found a blossoming altar of Fedhas.
  4101 | D:5      | Found a runed translucent door.
  4102 | D:5      | Noticed Crazy Yiuf
  4110 | D:5      | Killed Crazy Yiuf
  4116 | D:5      | Got a smoking mace
  4120 | D:5      | Identified the +7 mace "Miofaffa" {drain, *Noise +Fly rPois
                  | MR+++} (You found it on level 5 of the Dungeon)
  4454 | D:6      | Reached XP level 8. HP: 68/68 MP: 8/8
  4484 | D:6      | Noticed a +0 hand axe
  4484 | D:6      | Noticed a +0 hand axe
  4522 | D:6      | Found a staircase to the Ecumenical Temple.
  4530 | Temple   | Entered the Ecumenical Temple
  4672 | Temple   | Fell from the grace of Ru
  4672 | Temple   | Became a worshipper of Makhleb the Destroyer
  4742 | D:5      | Noticed Prince Ribbit
  4751 | D:5      | Killed Prince Ribbit
  4751 | D:5      | Reached skill level 10 in Axes
  4898 | D:6      | Found a hide-covered altar of Uskayaw.
  4991 | D:6      | Found a shattered altar of Ashenzari.
  5003 | D:6      | Reached skill level 11 in Axes
  5008 | D:6      | Noticed Menkaure
  5017 | D:6      | Killed Menkaure
  5072 | D:6      | Reached XP level 9. HP: 71/74 MP: 9/9
  5086 | D:6      | Reached skill level 5 in Shields
  5224 | D:6      | Found a bloodstained altar of Trog.
  5394 | D:7      | Found a shimmering altar of Xom.
  5395 | D:7      | Found a bloodstained altar of Trog.
  5395 | D:7      | Found a glowing silver altar of Zin.
  5395 | D:7      | Found a stormy altar of Qazlal.
  5500 | D:7      | Noticed a queen bee
  5502 | D:7      | Noticed a hornet
  5507 | D:7      | Noticed MisterFreud's ghost (novice FeBe)
  5512 | D:7      | Found a transporter.
  5514 | D:7      | Found a transporter.
  5742 | D:7      | Reached skill level 12 in Axes
  5785 | D:7      | Reached * piety under Makhleb
  6655 | D:8      | Found a shimmering blue altar of Sif Muna.
  6800 | D:8      | Found a snail-covered altar of Cheibriados.
  6828 | D:8      | Reached ** piety under Makhleb
  6903 | D:8      | Reached skill level 13 in Axes
  6955 | D:8      | Reached XP level 10. HP: 70/83 MP: 10/10
  7042 | D:8      | Found a staircase to the Lair.
  7157 | D:8      | Found an ancient bone altar of Kikubaaqudgha.
  7291 | Lair:1   | Entered Level 1 of the Lair of Beasts
  7462 | Lair:1   | Reached skill level 14 in Axes
  7744 | Lair:1   | Noticed a black mamba
  7753 | Lair:1   | Killed a black mamba
  7964 | Lair:1   | Identified a scroll of acquirement
  7964 | Lair:1   | Acquired a manual of Fighting
  8343 | Lair:2   | Noticed a spiny frog
  8356 | Lair:2   | Killed a spiny frog
  8356 | Lair:2   | Reached skill level 1 in Invocations
  8356 | Lair:2   | Reached XP level 11. HP: 59/92 MP: 10/12
  8462 | Lair:2   | Noticed a death yak
  8462 | Lair:2   | Noticed a death yak
  8462 | Lair:2   | Noticed a death yak
  8618 | Lair:2   | Reached *** piety under Makhleb
  8631 | Lair:2   | Reached skill level 15 in Axes
  8641 | Lair:2   | Noticed a death yak
  8651 | Lair:2   | Killed a death yak
  8651 | Lair:2   | Slain by a death yak

Illustrated notes

Levels and vault maps discovered:
D:1:      matt_arrival_spirals, layout_basic
D:2:      layout_basic, patterned_corridor
D:3:      layout_loops_ring
D:4:      layout_loops_ring, serial_undead, serial_undead_e, serial_undead_c,
          serial_undead_b, serial_undead_e, serial_undead_b, serial_undead_e,
          nicolae_dithmenos_shadow_blocks
D:5:      layout_layer_cave, old_standard_altar,
          nicolae_ru_great_annihilating_truth, first_ration,
          uniq_prince_ribbit1, uniq_crazy_yiuf_cottage
D:6:      layout_loops_ring, dancing_weapons_uskayaw,
          cheibrodos_ashenzari_chains, minmay_temple_entry_butterflies,
          trog_butcher_becter, uniq_menkaure
D:7:      layout_basic, grunt_temple_overflow_open, gammafunk_ghost_hive
D:8:      layout_loops_cross, nicolae_overflow_crystal_walls,
          lemuel_blue_sif_altar, lemuel_coloured_pillars_altar,
          dpeg_oklobed_lair, blue_anna_alchemist [blue_anna_fruit_fields,
          blue_anna_fruit_fields]
Temple:   jpeg_temple_island
Lair:1:   layout_roguey, grunt_megastairs_5
Lair:2:   layout_cave_pods, basic_altar, chequers_serial_rivers_micro_b,
          roderic_carrion_pond, grunt_megastairs_2

Skill      XL: |  1  2  3  4  5  6  7  8  9 10 11 |
---------------+----------------------------------+-----
Axes           | 3 4 5 6 8 9 11 13 14 15 | 15.1
Fighting       | 4 5 7 8 |  8.6
Armour         | 4 5 6 8 9 |  9.4
Shields        | 4 6 7 8 |  8.3
Invocations    | 1 3 |  3.2

Action                   |  1- 3 |  4- 6 |  7- 9 | 10-12 || total
-------------------------+-------+-------+-------+-------++-------
Melee: War axe           |    90 |     2 |    59 |    55 ||   206
       Hand axe          |    45 |   107 |   276 |   134 ||   562
       Mace              |       |       |    17 |       ||    17
Throw: Dart              |       |     2 |     7 |       ||     9
Invok: Lesser Servant of |       |       |       |     2 ||     2
  Use: Scroll            |     2 |     1 |    12 |     4 ||    19
       Potion            |       |       |       |     1 ||     1
 Stab: Distracted        |       |       |       |     1 ||     1
  Eat: Chunk             |     3 |     4 |    15 |     5 ||    27
Armor: Scale mail        |    58 |       |       |       ||    58
       Chain mail        |    10 |    41 |   101 |    65 ||   217
Dodge: Dodged            |    39 |    16 |    54 |    34 ||   143
Block: Kite shield       |    78 |    39 |   129 |    93 ||   339
